 Dungeon Crawl Stone Soup version 0.24.0-7-gb3623d2c88 (webtiles) character file.

Game seed: 430701484711867382, levelgen mode: deterministic

1236 Monsterracer the Basher (level 8, -1/52 HPs)
             Began as a Gargoyle Fighter on Nov 2, 2019.
             Was a Priest of Elyvilon.
             Slain by an orc warrior
             ... wielding a +0 battleaxe
              (4 damage)
             ... on level 6 of the Dungeon.
             The game lasted 00:11:41 (4938 turns).

Monsterracer the Basher (Gargoyle Fighter)          Turns: 4938, Time: 00:11:42

Health: -1/52      AC: 19    Str: 23    XL:     8   Next: 49%
Magic:  8/8        EV:  4    Int: 10    God:    Elyvilon [***...]
Gold:   197        SH:  9    Dex:  9    Spells: 7/7 levels left

rFire    . . .     SeeInvis .   a - +1 flail
rCold    . . .     Gourm    .   o - +0 shield
rNeg     + . .     Faith    .   b - +0 plate armour
rPois    ∞         Spirit   .   l - +0 helmet
rElec    +         Reflect  .   (no cloak)
rCorr    .         Harm     .   (no gloves)
MR       .....                  C - +0 pair of boots
Stlth    ..........             (no amulet)
HPRegen  0.17/turn              i - +2 ring of intelligence
MPRegen  0.11/turn              (no ring)

@: no status effects
A: negative energy resistance 1, electricity resistance, unbreathing,
petrification resistance, rot immunity, AC +5
a: Lesser Healing, Heal Other, Purification, Divine Protection, Renounce
Religion


You were on level 6 of the Dungeon.
You worshipped Elyvilon.
Elyvilon was most pleased with you.
You were not hungry.

You visited 1 branch of the dungeon, and saw 6 of its levels.
You also visited: Ossuary.

You collected 197 gold pieces.

Inventory:

Hand Weapons
 a - a +1 flail (weapon)
Armour
 b - a +0 plate armour (worn)
   (You found it on level 5 of the Dungeon)
 l - a +0 helmet (worn)
   (You found it on level 2 of the Dungeon)
 o - a +0 shield (worn)
 C - a +0 pair of boots (worn)
   (You found it on level 5 of the Dungeon)
Jewellery
 i - a +2 ring of intelligence (left hand)
   (You found it on level 1 of the Dungeon)
Wands
 q - a wand of flame (9)
   (You took it off Ijyb on level 3 of the Dungeon)
Scrolls
 f - a scroll of fear {!r}
 r - 2 scrolls of remove curse
Potions
 d - 2 potions of mutation {unknown}
 e - 2 potions of ambrosia {!q}
 g - 2 potions of cancellation
 h - 2 potions of haste
 j - 3 potions of might
 m - 5 potions of curing {unknown}
 n - a potion of magic {unknown}
 p - a potion of invisibility {unknown}
 u - 2 potions of heal wounds {unknown}
 v - a potion of lignification {unknown}
 z - a potion of agility {unknown}
 A - a potion of brilliance {unknown}
 B - a potion of flight {unknown}
Comestibles
 c - 7 rations


   Skills:
 + Level 6.8 Fighting
 * Level 8.0 Maces & Flails
 + Level 3.9 Armour
 + Level 3.8 Shields
 + Level 1.3 Invocations


You had 7 spell levels left.
You didn't know any spells.
Your spell library was empty.

Dungeon Overview and Level Annotations

Branches:
Dungeon (6/15)             Temple (0/1) D:5         Ossuary (visited)

Altars:
Elyvilon
Trog
Vehumet
Yredelemnul


Innate Abilities, Weirdness & Mutations

You are resistant to torment.
Your stone body is resilient. (AC +5)
You are immune to poison.
You resist negative energy. (rN+)
You are resistant to electric shocks. (rElec)
You can survive without breathing.
You are immune to petrification.
You are immune to rotting.


Message History

The black bear is lightly wounded.
The black bear barely misses you.
The black bear claws you but does no damage.
The black bear barely misses you.
A black bear is nearby!
Your shield and plate armour prevent you from hitting the black bear.
The black bear is lightly wounded.
You block the black bear's attack. x2
The black bear claws you but does no damage.
The black bear bites you but does no damage.
The black bear claws you but does no damage.
The black bear barely misses you.
You sock the black bear!
The black bear is heavily wounded.
You block the black bear's attack. The black bear barely misses you.
You block the black bear's attack.
You closely miss the black bear.
The black bear is heavily wounded.
The black bear bites you but does no damage.
The black bear claws you but does no damage. x2
You thump the black bear!
You kill the black bear!
Your Invocations skill increases to level 1!
No target in view!
Found a stone staircase leading up.
No target in view!
No target in view!
No target in view!
No target in view!
No target in view!
Found 14 bolts.
r - 2 scrolls of remove curse (gained 1) No target in view!
No target in view!
No target in view!
No target in view!
No target in view!
An orc priest comes into view. It is wielding a +0 dagger.
The orc priest shouts!
You hear a shout! x2
An orc wizard comes into view. It is wielding a +0 dagger.
An orc warrior comes into view. It is wielding a +0 battleaxe.
There are monsters nearby!
There are monsters nearby!
An orc priest comes into view. It is wielding a +0 hand axe.
The orc priest shouts!
The orc priest calls down the wrath of Beogh upon you.
Beogh smites you!
The orc priest hits you but does no damage.
The orc priest casts a cantrip, but nothing happens.
You hit the orc priest.
The orc priest is moderately wounded.
The orc priest hits you but does no damage.
You block the orc priest's attack.
You closely miss the orc priest.
The orc priest is moderately wounded.
The orc warrior hits you with a +0 battleaxe.
The orc wizard hits you but does no damage.
The orc priest miscasts a cantrip.
The orc priest hits you but does no damage.
You hit the orc priest.
The orc priest is heavily wounded.
The orc warrior hits you with a +0 battleaxe!
You block the orc wizard's attack.
The orc priest looks encouraged for a moment.
You are too injured to fight recklessly!
You are too injured to fight recklessly!
You are too injured to fight recklessly!
You are too injured to fight recklessly!
You are too injured to fight recklessly!
You thump the orc priest!
The orc priest is almost dead.
You block the orc warrior's attack.
The orc priest calls down the wrath of Beogh upon you.
Beogh smites you!
* * * LOW HITPOINT WARNING * * *
You block the orc wizard's attack.
The orc priest hits you but does no damage.
You thump the orc priest!
You kill the orc priest!
The orc priest looks encouraged for a moment.
You block the orc wizard's attack. The orc warrior barely misses you.
The orc priest hits you but does no damage.
The orc wizard hits you but does no damage.
You block the orc warrior's attack.
Things that are here:
a +0 dagger; an orc corpse You sock the orc priest!
The orc priest is almost dead.
The orc wizard hits you but does no damage.
You block the orc priest's attack.
You hit the orc priest.
You kill the orc priest!
Your Maces & Flails skill increases to level 8!
The orc warrior hits you with a +0 battleaxe.
* * * LOW HITPOINT WARNING * * *
The orc wizard casts a spell at you. The puff of flame hits you!
* * * LOW HITPOINT WARNING * * *
The orc warrior hits you with a +0 battleaxe.
You die...

#..........#......... ..
#.......#####....##.
#.#. ##.......# ##....#
.... #........#
##...##...#. #........#
#....#..... #.........
##......#
##...........####....###
.... .......##..## ..#
#...@o..# ..## ##...o.##
...# ##....# ...# ##...#
...## ##..# ....###...
#..# ..<....... #..#
...##..... #..# .### #..
....


You could see an orc warrior and an orc wizard.

Vanquished Creatures
  A phantom (D:4)
  A black bear (D:6)
  An ogre (D:5)
  An elf zombie (Ossuary)
  The ghost of mishael the Poker, a weakling MfFi (D:4)
  A howler monkey (D:5)
  6 centaur zombies (Ossuary)
  5 human zombies (Ossuary)
  2 orc priests (D:6)
  A bullfrog skeleton (D:5)
  2 centaur skeletons (D:4 D:6)
  Jessica (D:2)
  Ijyb (D:3)
  2 orc wizards (D:3 D:5)
  A worker ant (D:4)
  A killer bee zombie (D:5)
  A hound zombie (D:5)
  3 mummies (Ossuary)
  6 adders (D:3 D:4)
  An adder skeleton (D:5)
  A worm (D:4)
  4 dart slugs (D:1 D:2 D:4)
  A leopard gecko (D:1)
  8 orcs (D:3 D:4 D:5)
  10 bats (D:1 D:2 D:3)
  4 giant cockroaches (D:1 D:4 D:5)
  6 goblins (D:1 D:2 D:3)
  5 hobgoblins (D:1 D:2 D:3)
  2 jackals (D:4)
  5 kobolds (D:1 D:2 D:3)
  A quokka (D:4)
  2 ball pythons (D:1 D:4)
  6 frilled lizards (D:1 D:2 D:5)
  3 jackal zombies (D:4 D:5)
  A quokka skeleton (D:5)
  A rat (D:3)
  A rat zombie (D:4)
100 creatures vanquished.

Vanquished Creatures (others)
  A wizard (D:3)
1 creature vanquished.

Grand Total: 101 creatures vanquished

Notes
Turn   | Place    | Note
-------+----------+-------------------------------------------
     0 | D:1      | Monsterracer the Gargoyle Fighter began the quest for the
                  | Orb.
     0 | D:1      | Reached XP level 1. HP: 14/14 MP: 1/1
   316 | D:1      | HP: 7/14 [frilled lizard (2)]
   331 | D:1      | HP: 7/14 [bat (1)]
   346 | D:1      | HP: 7/14 [kobold (1)]
   354 | D:1      | Reached XP level 2. HP: 9/19 MP: 2/2
   360 | D:1      | HP: 9/19 [bat (1)]
   379 | D:1      | HP: 9/19 [bat (1)]
   790 | D:1      | Reached skill level 3 in Maces & Flails
   790 | D:1      | Reached XP level 3. HP: 23/24 MP: 3/3
  1067 | D:2      | Found a faded altar of an unknown god.
  1186 | D:2      | Became a worshipper of Elyvilon the Healer
  1186 | D:2      | Reached * piety under Elyvilon
  1255 | D:2      | Found a radiant altar of Vehumet.
  1284 | D:2      | Noticed Jessica
  1290 | D:2      | Killed Jessica
  1290 | D:2      | Reached XP level 4. HP: 29/29 MP: 4/4
  1612 | D:3      | Reached skill level 4 in Maces & Flails
  1622 | D:3      | Reached XP level 5. HP: 30/34 MP: 5/5
  1690 | D:3      | Noticed Ijyb
  1704 | D:3      | HP: 16/34 [Ijyb/puff of flame (4)]
  1708 | D:3      | Killed Ijyb
  1946 | D:3      | Reached ** piety under Elyvilon
  2096 | D:3      | Found a white marble altar of Elyvilon.
  2160 | D:3      | Found a basalt altar of Yredelemnul.
  2217 | D:3      | Found a bloodstained altar of Trog.
  2218 | D:3      | Noticed a wizard
  2223 | D:3      | Killed a wizard
  2354 | D:4      | Found a sand-covered staircase.
  2403 | Ossuary  | Entered an ossuary
  2462 | Ossuary  | Reached skill level 5 in Maces & Flails
  2472 | Ossuary  | Reached XP level 6. HP: 26/40 MP: 6/6
  2481 | Ossuary  | Reached skill level 5 in Fighting
  2483 | Ossuary  | HP: 19/40 [centaur zombie (4)]
  2694 | Ossuary  | Reached skill level 6 in Maces & Flails
  2714 | Ossuary  | Reached XP level 7. HP: 24/44 MP: 7/7
  3020 | D:4      | Found a transporter.
  3022 | D:4      | Found a transporter.
  3022 | D:4      | Noticed mishael's ghost (weakling MfFi)
  3362 | D:4      | Noticed a troll
  3383 | D:4      | HP: 23/46 [troll (1)]
  3384 | D:4      | HP: 10/46 [troll (4)]
  3643 | D:4      | Killed mishael's ghost
  3643 | D:4      | Reached skill level 7 in Maces & Flails
  3882 | D:5      | Entered Level 5 of the Dungeon
  3889 | D:5      | Found a staircase to the Ecumenical Temple.
  3901 | D:5      | Reached XP level 8. HP: 51/52 MP: 8/8
  3921 | D:5      | HP: 23/52 [ogre/+0 giant spiked club (6)]
  4194 | D:5      | Reached *** piety under Elyvilon
  4901 | D:6      | Reached skill level 1 in Invocations
  4933 | D:6      | HP: 16/52 [orc priest/divine providence (13)]
  4937 | D:6      | Reached skill level 8 in Maces & Flails
  4937 | D:6      | HP: 3/52 [orc wizard/puff of flame (9)]
  4938 | D:6      | Slain by an orc warrior

Levels and vault maps discovered:
D:1:      dpeg_arrival_rhombi, layout_loops_ring
D:2:      layout_rooms, old_standard_altar, chequers_ecumenical_altar_grove,
          uniq_jessica
D:3:      layout_rooms, kennysheep_ying_yang, nicolae_overflow_hidden_temple,
          st_stairs_1, trog_wizard, uniq_ijyb
D:4:      layout_basic, gammafunk_ghost_arena, enter_ossuary_3,
          minmay_manual_mail
D:5:      layout_basic, minmay_temple_entry_glass, first_ration
D:6:      minmay_evil_eye, layout_layer_cave, hangedman_decor_riveting,
          minmay_manual_mandibuliform

Skill      XL: |  1  2  3  4  5  6  7  8 |
---------------+-------------------------+-----
Maces & Flails | 3 4 5 6 7 8 |  8.0
Fighting       | 4 5 6 |  6.8
Invocations    | 1 |  1.3
Armour         | |  3.9
Shields        | |  3.8

Action                   |  1- 3 |  4- 6 |  7- 9 || total
-------------------------+-------+-------+-------++-------
Melee: Flail             |   110 |   196 |   199 ||   505
  Use: Scroll            |       |       |    11 ||    11
  Eat: Chunk             |     1 |     4 |     3 ||     8
       Ration            |       |       |     2 ||     2
Armor: Scale mail        |    77 |    43 |       ||   120
       Ring mail         |       |    43 |    68 ||   111
       Plate armour      |       |       |    35 ||    35
Dodge: Dodged            |    37 |    65 |    50 ||   152
Block: Shield            |    63 |    62 |    90 ||   215
